 Dungeon Crawl Stone Soup version 0.25-a0-1007-g10a8c3caa8 (webtiles) character file.

Game seed: 17017668388216319933, levelgen mode: deterministic

20092 Flugslaktarn the Severer (level 12, 0/110 HPs)
             Began as a Minotaur Fighter on May 11, 2020.
             Was a High Priest of Trog.
             Slain by a 17-headed hydra (2 damage)
             ... while paralysed
             ... on level 3 of the Lair of Beasts.
             The game lasted 00:06:44 (11092 turns).

Flugslaktarn the Severer (Minotaur Fighter)        Turns: 11092, Time: 00:06:45

Health: 0/110      AC: 29    Str: 21    XL:     12   Next: 42%
Magic:  0/20       EV:  2    Int:  5    God:    Trog [*****.]
Gold:   827        SH:  0    Dex: 15    Spells: 11/11 levels left

rFire    + . .     SeeInvis .   A - +3 war axe (vamp)
rCold    . . .     Gourm    .   f - +0 tower shield
rNeg     + . .     Faith    .   C - +5 plate armour of Ashenzari {rElec rF+ rN+ MR-}
rPois    .         Spirit   +   H - +1 hat
rElec    +         Reflect  .   (no cloak)
rCorr    .         Harm     .   M - +1 pair of gloves
MR       .....                  j - +2 pair of boots
Stlth    ..........             g - amulet of guardian spirit
HPRegen  0.28/turn              p - +2 ring of protection
MPRegen  0.17/turn              B - ring of magical power

@: paralysed, berserk cooldown, slowed
A: retaliatory headbutt, horns 2
a: Berserk, Trog's Hand, Brothers in Arms, Renounce Religion


You were on level 3 of the Lair of Beasts.
You worshipped Trog.
Trog was extremely pleased with you.
You were not hungry.

You visited 2 branches of the dungeon, and saw 13 of its levels.

You collected 827 gold pieces.

Inventory:

Hand Weapons
 A - a +3 vampiric war axe (weapon)
   (You took it off an orc on level 6 of the Dungeon)
Armour
 c - a +0 kite shield
 f - a +0 tower shield (worn)
   (You found it on level 8 of the Dungeon)
 j - a +2 pair of boots (worn)
   (You found it on level 1 of the Dungeon)
 C - the +5 plate armour of Ashenzari (worn) {rElec rF+ rN+ MR-}
   (You found it on level 1 of the Lair of Beasts)

   It protects you from fire.
   It insulates you from electricity.
   It protects you from negative energy.
   It affects your resistance to hostile enchantments.
 H - a +1 hat (worn)
   (You took it off Gastronok on level 9 of the Dungeon)
 I - a +2 plate armour of cold resistance
   (You took it off an orc warrior on level 9 of the Dungeon)
 M - a +1 pair of gloves (worn)
   (You found it on level 2 of the Lair of Beasts)
Jewellery
 g - an amulet of guardian spirit (around neck)
   (You found it on level 4 of the Dungeon)
 k - an uncursed ring of resist corrosion
   (You found it on level 8 of the Dungeon)
 l - an uncursed ring of protection from magic {unknown}
   (You found it on level 1 of the Lair of Beasts)
 m - a +2 ring of strength
   (You found it on level 1 of the Dungeon)
 n - an uncursed amulet of harm {unknown}
   (You found it on level 2 of the Lair of Beasts)
 o - an uncursed ring of poison resistance
   (You took it off an orc on level 9 of the Dungeon)
 p - a +2 ring of protection (left hand)
   (You found it on level 6 of the Dungeon)
 B - a ring of magical power (right hand)
   (You found it on level 3 of the Dungeon)
 D - a cursed ring of teleportation {unknown}
   (You found it on level 1 of the Lair of Beasts)
Wands
 F - a wand of paralysis (5)
   (You found it on level 1 of the Lair of Beasts)
Scrolls
 b - 5 scrolls of immolation
 r - 2 scrolls of fear
 t - 2 scrolls of teleportation
 x - 10 scrolls of remove curse
 z - a scroll of summoning
 J - 3 scrolls of magic mapping
Potions
 a - a potion of mutation
 d - 5 potions of brilliance
 h - 2 potions of haste
 i - 7 potions of ambrosia
 q - 7 potions of curing
 s - a potion of cancellation
 u - a potion of flight
 v - 4 potions of magic
 w - 3 potions of heal wounds
 y - a potion of stabbing
 E - 2 potions of invisibility
 G - 3 potions of lignification {unknown}
Comestibles
 e - 36 rations
 K - a chunk of flesh


   Skills:
 + Level 11.5 Fighting
 * Level 15.1 Axes
 + Level 11.6 Armour
 + Level 11.6 Shields


You had 11 spell levels left.
You didn't know any spells.
Your spell library was empty.

Dungeon Overview and Level Annotations

Branches:
Dungeon (10/15)            Temple (0/1) D:6            Lair (3/6) D:10
  Snake (0/4) Lair:2          Orc (0/2) D:10
  Swamp: Lair:2-4    Shoals: Lair:2-4

Altars:
Gozag
Qazlal
Trog
Uskayaw

Shops:
D:7 (


Innate Abilities, Weirdness & Mutations

You reflexively headbutt those who attack you in melee.
You have a pair of horns on your head.


Message History

* * * LOW HITPOINT WARNING * * *
The 17-headed hydra bites you.
* * * LOW HITPOINT WARNING * * *
The 17-headed hydra bites you but does no damage. x2
The 17-headed hydra bites you.
* * * LOW HITPOINT WARNING * * *
The 17-headed hydra bites you but does no damage.
The 17-headed hydra bites you.
* * * LOW HITPOINT WARNING * * *
The 17-headed hydra bites you but does no damage. x2
The 17-headed hydra bites you!
* * * LOW HITPOINT WARNING * * *
The 17-headed hydra bites you but does no damage.
The 17-headed hydra completely misses you.
The 17-headed hydra bites you but does no damage. x2
The 17-headed hydra bites you!
* * * LOW HITPOINT WARNING * * *
The 17-headed hydra bites you but does no damage. x4
The 17-headed hydra bites you.
You die...

.♣♣♣♣♣♣≈♣♣♣♣♣♣.# ..
♣≈≈P♣♣♣...# ..
♣P≈P♣.....# #### .#
♣≈≈♣♣.....# #...##
## ♣≈.♣♣.....#
#../...
.........###.......
.........##$.......
###....?............
#.#....###.@D......
###...## #.........
#... #.........
#..## #......... #.P
.......... ..
#..........
#....<.....
...........


You could see a 17-headed hydra.

Vanquished Creatures
  Gastronok (D:9)
  Fannar (Lair:1)
  A hydra (Lair:2)
  3 death yaks (D:10)
  2 two-headed ogres
  An unseen horror (D:10)
  Pikel (D:6)
  A deep elf mage (D:9)
  Psyche (D:8)
  3 spiny frogs (Lair:2)
  A komodo dragon (Lair:1)
  A polar bear (Lair:3)
  A troll (D:10)
  2 hippogriffs
  Sigmund (D:4)
  16 yaks
  A basilisk (Lair:1)
  Grum (Lair:1)
  2 nagas (Lair:2)
  Duvessa (D:7)
  8 water moccasins (Lair:1)
  3 porcupines
  11 orc warriors
  A sky beast (D:5)
  An eye of draining (D:9)
  A slave (D:6)
  2 black bears (D:8)
  2 ice beasts
  A phantom (D:9)
  8 wolves
  6 ogres
  3 centaurs
  5 crocodiles
  4 big kobolds
  A gnoll sergeant (D:10)
  10 bullfrogs
  2 scorpions
  Dowan (D:7)
  4 killer bees (D:9)
  3 wights (D:9)
  An electric eel (Lair:3)
  3 crimson imps
  7 hounds
  6 orc priests
  4 jellies
  7 orc wizards
  A centaur skeleton (D:4)
  2 iguanas
  9 worker ants
  2 killer bee zombies
  3 hound zombies
  A howler monkey zombie (D:10)
  10 gnolls
  6 adders
  3 shadow imps
  An ooze (D:1)
  An adder zombie (D:5)
  A worm (D:2)
  2 dart slugs
  4 leopard geckos
  46 orcs
  8 bats
  4 giant cockroaches
  7 goblins
  6 hobgoblins
  4 quokkas
  4 ball pythons
  5 frilled lizards
  A giant cockroach zombie (D:6)
  A jackal skeleton (D:6)
  8 kobolds
  A leopard gecko skeleton (D:4)
  A quokka zombie (D:6)
  6 rats
295 creatures vanquished.

Vanquished Creatures (others)
  A worker ant zombie (D:6)
1 creature vanquished.

Grand Total: 296 creatures vanquished

Notes
Turn   | Place    | Note
-------+----------+-------------------------------------------
     0 | D:1      | Flugslaktarn the Minotaur Fighter began the quest for the
                  | Orb.
     0 | D:1      | Reached XP level 1. HP: 19/19 MP: 0/0
    62 | D:1      | Found a bloodstained altar of Trog.
    64 | D:1      | Reached XP level 2. HP: 23/27 MP: 1/1
   205 | D:1      | Reached skill level 3 in Axes
   257 | D:1      | Became a worshipper of Trog the Wrathful
   449 | D:2      | Reached XP level 3. HP: 25/33 MP: 2/2
   820 | D:2      | Reached * piety under Trog
  1081 | D:3      | Reached XP level 4. HP: 40/40 MP: 3/3
  1086 | D:3      | Noticed an ice beast
  1092 | D:3      | Killed an ice beast
  1092 | D:3      | Reached skill level 4 in Axes
  1092 | D:3      | Reached XP level 5. HP: 38/47 MP: 4/4
  1647 | D:4      | Noticed an ogre
  1655 | D:4      | Killed an ogre
  1655 | D:4      | Reached skill level 5 in Axes
  1785 | D:4      | Noticed Sigmund
  1791 | D:4      | Killed Sigmund
  1791 | D:4      | Reached skill level 5 in Fighting
  1791 | D:4      | Reached skill level 5 in Armour
  1791 | D:4      | Reached skill level 5 in Shields
  1791 | D:4      | Reached XP level 6. HP: 56/56 MP: 5/5
  2274 | D:4      | Reached skill level 6 in Axes
  2276 | D:4      | Reached XP level 7. HP: 56/61 MP: 6/6
  2292 | D:4      | Reached ** piety under Trog
  2609 | D:5      | Entered Level 5 of the Dungeon
  2759 | D:5      | Reached skill level 7 in Axes
  2809 | D:5      | Found a stormy altar of Qazlal.
  3078 | D:5      | Reached XP level 8. HP: 70/70 MP: 7/7
  3580 | D:6      | Reached skill level 8 in Axes
  3663 | D:6      | Found a staircase to the Ecumenical Temple.
  3848 | D:6      | Noticed Pikel
  3863 | D:6      | Killed Pikel
  3863 | D:6      | Reached skill level 9 in Axes
  3900 | D:6      | Reached XP level 9. HP: 79/79 MP: 8/8
  3902 | D:6      | Found a hide-covered altar of Uskayaw.
  4209 | D:6      | Reached *** piety under Trog
  4567 | D:7      | Found Osoadgh's Weapon Emporium.
  4868 | D:7      | Noticed Duvessa
  4869 | D:7      | Noticed Dowan
  4876 | D:7      | Killed Dowan
  4878 | D:7      | Reached skill level 10 in Axes
  4880 | D:7      | Killed Duvessa
  4938 | D:7      | Found a bloodstained altar of Trog.
  5802 | D:8      | Noticed Psyche
  5814 | D:8      | Killed Psyche
  6167 | D:8      | Reached skill level 11 in Axes
  6435 | D:9      | Reached XP level 10. HP: 89/90 MP: 9/9
  6643 | D:9      | Reached **** piety under Trog
  6851 | D:9      | Noticed a two-headed ogre
  6858 | D:9      | Killed a two-headed ogre
  7245 | D:9      | Noticed Gastronok
  7261 | D:9      | Killed Gastronok
  7261 | D:9      | Reached skill level 12 in Axes
  7397 | D:9      | Noticed a deep elf mage
  7410 | D:9      | Found an opulent altar of Gozag.
  7413 | D:9      | Killed a deep elf mage
  7417 | D:9      | Reached XP level 11. HP: 56/99 MP: 6/10
  7621 | D:10     | Entered Level 10 of the Dungeon
  7651 | D:10     | Noticed a death yak
  7654 | D:10     | Noticed a death yak
  7657 | D:10     | Noticed a death yak
  7668 | D:10     | Killed a death yak
  7668 | D:10     | Reached skill level 10 in Armour
  7669 | D:10     | Reached skill level 10 in Fighting
  7672 | D:10     | Killed a death yak
  7672 | D:10     | Reached skill level 13 in Axes
  7672 | D:10     | Reached skill level 10 in Shields
  7680 | D:10     | Killed a death yak
  7729 | D:10     | Found a staircase to the Lair.
  7738 | D:10     | Noticed a two-headed ogre
  7747 | D:10     | Killed a two-headed ogre
  7753 | D:10     | Reached ***** piety under Trog
  7781 | D:10     | Killed an unseen horror
  7996 | D:10     | Found a staircase to the Orcish Mines.
  8207 | D:10     | Reached skill level 14 in Axes
  8319 | D:10     | Received a gift from Trog
  8397 | Lair:1   | Entered Level 1 of the Lair of Beasts
  8672 | Lair:1   | Noticed Grum
  8678 | Lair:1   | Reached XP level 12. HP: 102/110 MP: 11/11
  8695 | Lair:1   | Killed Grum
  8709 | Lair:1   | Got a brightly glowing plate armour
  8720 | Lair:1   | Identified the +5 plate armour of Ashenzari {rElec rF+ rN+
                  | MR-} (You found it on level 1 of the Lair of Beasts)
  8959 | Lair:1   | You fall into a shaft and drop 1 floor!
  9068 | Lair:2   | Found a staircase to the Snake Pit.
  9684 | Lair:1   | Noticed Fannar
  9947 | Lair:1   | Killed Fannar
 10557 | Lair:2   | Noticed a five-headed hydra
 10568 | Lair:2   | Killed an 11-headed hydra
 10568 | Lair:2   | Reached skill level 15 in Axes
 11071 | Lair:3   | Noticed a six-headed hydra
 11092 | Lair:3   | HP: 2/110 [17-headed hydra (7)]
 11092 | Lair:3   | Slain by a 17-headed hydra

Illustrated notes

Levels and vault maps discovered:
D:1:      psy_arrival_fountain, layout_loops_ring, minmay_hexomino_r4
D:2:      layout_rooms, kennysheep_generic_room_13
D:3:      layout_basic, first_ration
D:4:      minmay_clustersquares, layout_basic, uniq_sigmund
D:5:      layout_loops_cross, kennysheep_little_box
D:6:      layout_loops_corners, minmay_temple_entry_poolview,
          kennysheep_flooded_box, uniq_pikel
D:7:      layout_layer_cave, serial_shops, nicolae_shop_stone, trog_book,
          uniq_duvessa
D:8:      layout_loops_ring, blue_anna_alchemist [blue_anna_fruit_fields,
          blue_anna_fruit_fields], uniq_psyche
D:9:      layout_roguey, minivault_11, david_defended_altar_elf, uniq_gastronok
D:10:     layout_roguey, dpeg_lair_monsters,
          kennysheep_orc_monster_closet_entryway, st_stairs_1
Lair:1:   layout_chaotic_city, minmay_stone_trees_small, grunt_megastairs_3,
          infiniplex_staircase_pool_2, uniq_fannar, uniq_grum
Lair:2:   layout_cave_pods, guppyfry_snake_entry_island,
          infiniplex_staircase_pool, lemuel_fruit_fields
Lair:3:   layout_cave_pods, minmay_shoals_entry_hut, st_stairs_3,
          serial_bayou_crossing

Skill      XL: |  1  2  3  4  5  6  7  8  9 10 11 12 |
---------------+-------------------------------------+-----
Axes           | 3 4 5 6 7 9 11 12 14 15 | 15.1
Fighting       | 4 5 6 7 8 9 11 | 11.5
Armour         | 4 5 6 7 8 9 11 | 11.6
Shields        | 4 5 6 7 8 9 11 | 11.6

Action                   |  1- 3 |  4- 6 |  7- 9 | 10-12 || total
-------------------------+-------+-------+-------+-------++-------
Melee: War axe           |    72 |    46 |   263 |   535 ||   916
       Headbutt          |    15 |     6 |    52 |   125 ||   198
Invok: Berserk           |       |     2 |     6 |     7 ||    15
  Use: Potion            |     2 |       |       |     1 ||     3
       Scroll            |       |       |    16 |    11 ||    27
  Eat: Chunk             |     1 |     5 |    19 |    16 ||    41
       Ration            |       |       |       |     2 ||     2
Armor: Scale mail        |    51 |    20 |    22 |       ||    93
       Chain mail        |       |       |    64 |     6 ||    70
       Plate armour      |       |       |       |   311 ||   311
Dodge: Dodged            |    23 |    12 |    54 |    52 ||   141
Block: Kite shield       |    47 |    20 |   109 |       ||   176
       Tower shield      |       |       |    35 |   430 ||   465

Table legend:
 A = Non-vault XP
 B = Vault XP
 C = Vault XP percentage of total XP
 D = Non-vault monster count
 E = Vault monster count
 F = Vault count percentage of total count
                 A         B        C        D         E       F
            +---------+---------+-------+---------+---------+-------
      Total |   15935 |   12768 |  44.5 |     234 |      60 |  20.4
            +---------+---------+-------+---------+---------+-------
        D:1 |      41 |       7 |  14.6 |      16 |       4 |  20.0
        D:2 |      44 |       1 |   2.2 |      17 |       1 |   5.6
        D:3 |     139 |       0 |   0.0 |      11 |       0 |   0.0
        D:4 |     353 |     342 |  49.2 |      17 |       9 |  34.6
        D:5 |     565 |       0 |   0.0 |      18 |       0 |   0.0
        D:6 |    1172 |     651 |  35.7 |      27 |       1 |   3.6
        D:7 |     556 |     222 |  28.5 |      12 |       2 |  14.3
        D:8 |     846 |     563 |  40.0 |      20 |       2 |   9.1
        D:9 |    2758 |    2782 |  50.2 |      37 |       2 |   5.1
       D:10 |    3126 |    5781 |  64.9 |      25 |      29 |  53.7
     Lair:1 |    2732 |    1956 |  41.7 |      18 |       7 |  28.0
     Lair:2 |    2685 |     326 |  10.8 |       9 |       2 |  18.2
     Lair:3 |     918 |     137 |  13.0 |       7 |       1 |  12.5
            +---------+---------+-------+---------+---------+-------
